Match 41450609
Unlisted

Match 41450609
End
Vickers Machine Gun Team
Construct Section Command Post
Infantry Section
Infantry Section
Grenade Package
Construct Field Infirmary
Selects Air and Sea Battlegroup
Selects Commando Section Paradrop
Selects M1 Pack Howitzer Paradrop
M1 Pack Howitzer Paradrop
Construct Platoon Command Post
6-pounder Anti-tank Gun Team
Construct Company Command Post
M1 Pack Howitzer Paradrop
Unlock M3 Grant Medium Tanks
Selects Anti-tank Rocket Loiter
M3 Grant Medium Tank
Commando Section Paradrop
M3 Grant Medium Tank
Anti-tank Rocket Loiter
DMusicMan
Darbesky
KevinTDW
Razarak
0
0

Comments sign in to comment!

No comments posted yet!